 Dungeon Sprint DCSS version 0.21-a0-274-gc1afaeb (webtiles) character file.

3862 potatolord6000 the Cleaver (level 9, 0/82 HPs)
             Began as a Minotaur Monk on Sept 19, 2017.
             Was an Elder of Hepliaklqana.
             Slain by a sea snake (16 damage)
             ... in the Dungeon (Sprint VII: "The Pits").
             The game lasted 00:05:32 (1039 turns).

potatolord6000 the Cleaver (Minotaur Monk)          Turns: 1039, Time: 00:05:33

Health: 0/82       AC: 16    Str: 24    XL:     9   Next: 99%
Magic:  15/15      EV: 15    Int:  7    God:    Hepliaklqana [****..]
Gold:   0          SH:  0    Dex: 14    Spells: 8/8 levels left

rFire    . . .     SeeInvis .   r - +1 broad axe (freeze)
rCold    . . .     Gourm    .   (no shield)
rNeg     . . .     Faith    .   p - +4 chain mail
rPois    .         Spirit   .   (helmet restricted)
rElec    .         Reflect  .   (no cloak)
rCorr    .         Harm     .   (no gloves)
MR       .....     NoTele   +   (no boots)
Stlth    ..........             (no amulet)
HPRegen  0.23/turn              a - +3 ring of strength
MPRegen  0.14/turn              b - +3 ring of strength

@: lethally poisoned (0 -> -35)
A: retaliatory headbutt, reduced essence, horns 2
a: Recall Ancestor, Ancestor Identity, Transference, Idealise, Renounce Religion


You were in the Dungeon.
You worshipped Hepliaklqana.
Hepliaklqana was greatly pleased with you.
You were full.

You visited 1 branch

Inventory:

Hand Weapons
 r - a +1 broad axe of freezing (weapon)
Armour
 p - a +4 chain mail (worn)
Jewellery
 a - a +3 ring of strength (left hand)
 b - a +3 ring of strength (right hand)
Scrolls
 i - a scroll of blinking
 k - 3 scrolls of remove curse
 l - 5 scrolls of amnesia
 m - a scroll of summoning
Potions
 d - 5 potions of curing
 e - 5 potions of heal wounds
 g - 4 potions of magic
 h - a potion of berserk rage
 j - a potion of resistance
 q - 2 potions of haste
Comestibles
 c - 8 bread rations
 n - 40 fruits
 o - 6 meat rations


   Skills:
 + Level 12.7 Fighting
 + Level 12.7 Axes
 + Level 12.3 Armour
 + Level 11.9 Dodging
 - Level 1.5 Stealth
 + Level 10.3 Invocations


You had 8 spell levels left.
You didn't know any spells.

Dungeon Overview and Level Annotations

Branches:
Dungeon (1/1)

Altars:
Ashenzari
Cheibriados
Dithmenos
Elyvilon
Fedhas
Gozag
Hepliaklqana
Kikubaaqudgha
Makhleb
Nemelex Xobeh
Okawaru
Qazlal
Ru
Sif Muna
Trog
Uskayaw
Vehumet
Wu Jian
Xom
Yredelemnul
Zin
The Shining One
Beogh
Jiyva
Lugonu

Annotations:
D Psyche


Innate Abilities, Weirdness & Mutations

You reflexively headbutt those who attack you in melee.
You have a pair of horns on your head.
Your life essence is reduced to manifest your ancestor. (-10% HP)


Message History

You closely miss the sea snake.
The sea snake is moderately wounded.
You feel very sick. The sea snake bites you! The snapping turtle misses you.
Nakurtum hits the sea snake with a flail!
Unknown command.
You hit the sea snake.
The sea snake seems to slow down.
You freeze the sea snake.
The sea snake is heavily wounded.
You feel very sick. The sea snake closely misses you.
The snapping turtle bites you from afar!
Nakurtum hits the sea snake with a flail!
You hit the sea snake. You freeze the sea snake.
The sea snake is severely wounded.
You feel very sick.
The snapping turtle bites you from afar!!
* * * LOW HITPOINT WARNING * * *
The sea snake bites you!
You die...

....#..#......#
..............+
..............+
....#..#......#
..............#
#'#####''######
.....##''######### #####
.....##..........#@.....
.....##.........@St.....
.<...##..#####.)R#####+#
.....##..)...#..........
.....##..#...#........##
.....##..#...#.#####..#
#######..#####.+ .#
#######........# #
#.![[##........#
#..[[###)###...#


You could see the friendly Nakurtum the knight, a sea snake, a snapping turtle
and Psyche.

Vanquished Creatures
  A two-headed ogre (D)
  A flayed ghost (D)
  A deep elf mage (D)
  A molten gargoyle (D)
  An orange demon (D)
  A hellwing (D)
  A shadow (D)
  A ynoxinul (D)
  A warg (D)
  A porcupine (D)
  A phantom (D)
  A necrophage (D)
  A wolf (D)
  A crocodile (D)
  A bullfrog (D)
  An iron imp (D)
  A jelly (D)
  5 gnolls (D)
  2 river rats (D)
  An adder (D)
  A white imp (D)
  An ooze (D)
  2 ball pythons (D)
  A bat skeleton (D)
  A bat zombie (D)
  A kobold (D)
32 creatures vanquished.

Vanquished Creatures (collateral kills)
  A molten gargoyle (D)
  A big kobold (D)
  A gnoll sergeant (D)
  A quokka (D)
  A frilled lizard (D)
  A goblin (D)
  A quokka skeleton (D)
  A rat (D)
8 creatures vanquished.

Vanquished Creatures (others)
  A knight (D)
1 creature vanquished.

Grand Total: 41 creatures vanquished

Notes
Turn   | Place    | Note
-------+----------+-------------------------------------------
     0 | D        | potatolord6000 the Minotaur Monk began the quest for the Orb.
     0 | D        | Reached XP level 1. HP: 19/19 MP: 0/0
    15 | D        | Reached XP level 2. HP: 19/28 MP: 1/1
    46 | D        | Found a bloodstained altar of Trog.
    46 | D        | Found a deep blue altar of Sif Muna.
    46 | D        | Found a viscous altar of Jiyva.
    46 | D        | Found a hazy altar of Hepliaklqana.
    46 | D        | Found an opulent altar of Gozag.
    47 | D        | Found a glowing golden altar of the Shining One.
    47 | D        | Found a glowing silver altar of Zin.
    47 | D        | Found a basalt altar of Yredelemnul.
    47 | D        | Found a shimmering altar of Xom.
    47 | D        | Found an ornate altar of the Wu Jian Council.
    47 | D        | Found a sacrificial altar of Ru.
    47 | D        | Found a stormy altar of Qazlal.
    47 | D        | Found an iron altar of Okawaru.
    47 | D        | Found a sparkling altar of Nemelex Xobeh.
    47 | D        | Found a burning altar of Makhleb.
    47 | D        | Found a blossoming altar of Fedhas.
    47 | D        | Found a white marble altar of Elyvilon.
    47 | D        | Found a shadowy altar of Dithmenos.
    47 | D        | Found a snail-covered altar of Cheibriados.
    49 | D        | Found a radiant altar of Vehumet.
    49 | D        | Found a corrupted altar of Lugonu.
    49 | D        | Found a roughly hewn altar of Beogh.
    51 | D        | Found an ancient bone altar of Kikubaaqudgha.
    51 | D        | Found a hide-covered altar of Uskayaw.
    51 | D        | Found a shattered altar of Ashenzari.
    55 | D        | Became a worshipper of Hepliaklqana the Forgotten
    55 | D        | Reached * piety under Hepliaklqana
    55 | D        | Reached ** piety under Hepliaklqana
    58 | D        | Remembered your ancestor Nakurtum as a knight
   165 | D        | Reached skill level 1 in Invocations
   250 | D        | Noticed a deep elf mage
   260 | D        | Killed a deep elf mage
   260 | D        | Reached skill level 5 in Invocations
   260 | D        | Reached XP level 3. HP: 36/36 MP: 1/6
   260 | D        | Reached XP level 4. HP: 44/44 MP: 1/7
   260 | D        | Reached XP level 5. HP: 50/50 MP: 1/8
   260 | D        | Reached XP level 6. HP: 55/55 MP: 1/9
   383 | D        | Reached *** piety under Hepliaklqana
   383 | D        | Noticed a warg
   394 | D        | Killed a warg
   394 | D        | Reached XP level 7. HP: 21/63 MP: 9/11
   534 | D        | Noticed a hellwing
   560 | D        | Killed a hellwing
   560 | D        | Reached skill level 10 in Fighting
   560 | D        | Reached skill level 10 in Axes
   560 | D        | Reached XP level 8. HP: 71/71 MP: 12/12
   641 | D        | Noticed a flayed ghost
   651 | D        | Killed a flayed ghost
   651 | D        | Reached skill level 10 in Armour
   651 | D        | Reached skill level 10 in Dodging
   819 | D        | Reached XP level 9. HP: 74/80 MP: 14/14
   827 | D        | Noticed a molten gargoyle
   837 | D        | Killed a molten gargoyle
   845 | D        | Reached **** piety under Hepliaklqana
   845 | D        | Noticed an orange demon
   857 | D        | Killed an orange demon
   860 | D        | Noticed a molten gargoyle
   880 | D        | Killed a molten gargoyle
  1015 | D        | Noticed a two-headed ogre
  1023 | D        | Reached skill level 10 in Invocations
  1023 | D        | Killed a two-headed ogre
  1032 | D        | Noticed a sea snake
  1032 | D        | Noticed Psyche
  1039 | D        | Slain by a sea snake

Vault maps used:
D:        pitsprint

Skill      XL: |  1  2  3  4  5  6  7  8  9 |
---------------+----------------------------+-----
Fighting       | 4 8 9 10 11 12 | 12.7
Axes           | 4 8 9 10 11 12 | 12.7
Armour         | 2 7 8 9 10 12 | 12.3
Dodging        | 4 7 8 9 10 11 | 11.9
Invocations    | 5 6 7 8 10 | 10.3
Stealth        | |  1.5

Action                   |  1- 3 |  4- 6 |  7- 9 || total
-------------------------+-------+-------+-------++-------
Melee: Hand axe          |    14 |    16 |    22 ||    52
       Headbutt          |     5 |     2 |    13 ||    20
       Broad axe         |       |       |    52 ||    52
Invok: Ancestor Life: Kn |     1 |       |       ||     1
       Idealise          |       |       |     1 ||     1
  Use: Potion            |     2 |       |    10 ||    12
 Stab: Invisible         |     2 |     3 |       ||     5
       Distracted        |       |       |     1 ||     1
  Eat: Meat ration       |       |       |     1 ||     1
Armor: Robe              |     2 |       |       ||     2
       Ring mail         |       |     4 |     2 ||     6
       Chain mail        |       |       |    24 ||    24
Dodge: Dodged            |    13 |    11 |   100 ||   124

Table legend:
 A = Spawn XP
 B = Non-spawn XP
 C = Spawn XP percentage of total XP
 D = Spawn monster count
 E = Non-spawn monster count
 F = Spawn count percentage of total count
 G = Total turns spent on level
                    A         B        C        D         E        F      G
               +---------+---------+-------+---------+---------+-------+---------
         Total |       0 |    5518 |   0.0 |       0 |      40 |   0.0 |  1039
               +---------+---------+-------+---------+---------+-------+---------
             D |       0 |    5518 |   0.0 |       0 |      40 |   0.0 |  1039
               +---------+---------+-------+---------+---------+-------+---------
